 Dungeon Crawl Stone Soup version 0.29.1-2-gbd0b4ee654 (webtiles) character file.

Game seed: 1449220944101113005

62 mcbry74 the Chopper (level 4, 0/40 HPs)
             Began as a Hill Orc Berserker on Oct 28, 2022.
             Was a Follower of Trog.
             Slain by an adder (1 damage)
             ... on level 3 of the Dungeon.
             The game lasted 00:02:49 (1989 turns).

mcbry74 the Chopper (Hill Orc Berserker)            Turns: 1989, Time: 00:02:49

Health: 0/40       AC:  2    Str: 21    XL:     4   Next: 8%
Magic:  4/4        EV: 12    Int:  7    God:    Trog [*.....]
Gold:   93         SH:  0    Dex: 10    Spells: 3/3 levels left

rFire   . . .      SeeInvis .   a - +0 hand axe
rCold   . . .      Faith    .   (no shield)
rNeg    . . .      Spirit   .   b - +0 animal skin
rPois   .          Reflect  .   (no helmet)
rElec   .          Harm     .   (no cloak)
rCorr   +          Rampage  .   (no gloves)
Will    .....                   (no boots)
Stlth   +.........              (no amulet)
HPRegen 0.13/turn               k - ring of resist corrosion
MPRegen 0.09/turn               (no ring)

@: lethally poisoned (0 -> -4), attractive
A: no striking features
a: Renounce Religion, Berserk


You were on level 3 of the Dungeon.
You worshipped Trog.
Trog was aware of your devotion.
You visited 1 branch of the dungeon, and saw 3 of its levels.

You collected 93 gold pieces.

Inventory:

Hand Weapons
 a - a +0 hand axe (weapon)
Armour
 b - a +0 animal skin (worn)
Jewellery
 k - a ring of resist corrosion (left hand)
Scrolls
 d - a scroll of immolation {unknown}
 e - a scroll of poison
 h - a scroll of magic mapping {unknown}
 i - a scroll of teleportation {unknown}
 j - a scroll of torment {unknown}
Potions
 g - a potion of heal wounds {unknown}
 l - a potion of brilliance


   Skills:
 + Level 4.1 Fighting
 * Level 5.1 Axes
 + Level 2.8 Armour
 + Level 2.1 Dodging


You had 3 spell levels left.
You didn't know any spells.
Your spell library contained the following spells:

 Spells                   Type           Power      Damage    Failure   Level
 Scorch                   Fire           0%         2d5       56%         2
 Flame Wave               Conj/Fire      0%         2d4       99%         4
 Summon Cactus Giant      Summ           0%         N/A       100%        6


Dungeon Overview and Level Annotations

Branches:
Dungeon (3/15)

Altars:


Message History

The adder is severely wounded.
You feel very sick. The adder bites you.
You are lethally poisoned!
The adder poisons you!
You closely miss the adder.
The adder is severely wounded.
You feel very sick. The adder bites you but does no damage.
You barely miss the adder.
The adder is severely wounded.
* * * LOW HITPOINT WARNING * * *
You feel very sick. The adder barely misses you.
You hit the adder.
The adder is almost dead.
* * * LOW HITPOINT WARNING * * *
You feel very sick. The adder bites you but does no damage.
The adder closely misses you.
You closely miss the adder.
The adder is almost dead.
* * * LOW HITPOINT WARNING * * *
You feel sick. The adder barely misses you.
It was a potion of brilliance.
You feel clever all of a sudden.
* * * LOW HITPOINT WARNING * * *
You feel sick. The adder bites you but does no damage.
It was a potion of cancellation.
Your magical effects are unravelling.
You feel magically purged.
You feel a little less clever now.
* * * LOW HITPOINT WARNING * * *
You feel sick. The adder bites you.
* * * LOW HITPOINT WARNING * * *
The adder bites you but does no damage.
It was a potion of attraction.
You feel attractive to monsters.
* * * LOW HITPOINT WARNING * * *
You feel sick. The adder bites you.
You die...

#. #.. #?.
#..# # #...
.#
###...###.###
.......$....#
#.#<#.####
#S@..!.....
###########


You could see an adder.

Vanquished Creatures
  3 adders (D:2)
  2 worms (D:2)
  2 dart slugs (D:1)
  3 ball pythons (D:2)
  2 bats (D:2)
  An endoplasm (D:2)
  2 giant cockroaches (D:2)
  3 hobgoblins
  3 kobolds
  A quokka (D:1)
  A frilled lizard (D:2)
  A goblin (D:1)
  A rat (D:2)
25 creatures vanquished.

Notes
Turn   | Place    | Note
-------+----------+-------------------------------------------
     0 | D:1      | mcbry74 the Hill Orc Berserker began the quest for the Orb.
     0 | D:1      | Reached XP level 1. HP: 19/19 MP: 1/1
   339 | D:1      | Reached XP level 2. HP: 24/27 MP: 2/2
   573 | D:2      | Reached XP level 3. HP: 13/33 MP: 3/3
  1179 | D:2      | Reached skill level 5 in Axes
  1615 | D:2      | Reached XP level 4. HP: 36/40 MP: 4/4
  1988 | D:3      | HP: 2/40 [adder (2)]
  1989 | D:3      | Slain by an adder

Illustrated notes

Levels and vault maps discovered:
D:1:      minmay_arrival_four_loops, layout_basic,
          chequers_ecumenical_altar_lobes
D:2:      layout_loops_ring, due_unseen_surprise
D:3:      layout_loops_ring, mainiacjoe_overflow_six_doors_small,
          gammafunk_temple_overflow_wave, ebering_ghost_sewer_d

Skill      XL: |  1  2  3 |
---------------+----------+-----
Fighting       | 4 |  4.1
Dodging        | 2 |  2.1
Axes           | 5 |  5.1
Armour         | |  2.8

Action                   |  1- 3 |  4- 6 || total
-------------------------+-------+-------++-------
Melee: Hand axe          |    99 |    17 ||   116
       Punch             |     1 |       ||     1
  Use: Scroll            |     1 |       ||     1
       Potion            |       |     3 ||     3
 Stab: Sleeping          |     1 |       ||     1
Armor: Animal skin       |    15 |     4 ||    19
Dodge: Dodged            |    71 |     7 ||    78
